 Dungeon Crawl Stone Soup version 0.21-a0-584-g185da8e (webtiles) character file.

477 CanOfBees the Digger (level 7, -13/36 HPs)
             Began as a Gargoyle Earth Elementalist on Dec 20, 2017.
             Mangled by an ice beast (18 damage)
             ... on level 5 of the Dungeon.
             The game lasted 00:08:58 (5530 turns).

CanOfBees the Digger (Gargoyle Earth Elementalist)  Turns: 5530, Time: 00:09:00

Health: -13/36     AC:  9    Str: 12    XL:     7   Next: 11%
Magic:  19/22      EV: 12    Int: 17    God:
Gold:   185        SH:  0    Dex: 10    Spells: 5/14 levels left

rFire    + . .     SeeInvis .   l - +0 dagger (protect)
rCold    x . .     Gourm    .   (no shield)
rNeg     + . .     Faith    .   c - +1 robe
rPois    ∞         Spirit   .   o - +0 helmet
rElec    +         Reflect  .   q - +0 cloak
rCorr    .         Harm     .   (no gloves)
MR       .....                  (no boots)
Stlth    ++........             (no amulet)
HPRegen  0.12/turn              g - ring of magical power
MPRegen  0.18/turn              j - ring of fire

@: no status effects
A: negative energy resistance 1, electricity resistance, unbreathing,
petrification resistance, rot immunity, AC +4
a: no special abilities


You were on level 5 of the Dungeon.
You were not hungry.

You visited 1 branch of the dungeon, and saw 5 of its levels.

You collected 185 gold pieces.

Inventory:

Hand Weapons
 l - a +0 dagger of protection (weapon)
Missiles
 b - 78 stones (quivered)
Armour
 c - a +1 robe (worn)
 o - a +0 helmet (worn)
 q - a +0 cloak (worn)
Jewellery
 g - a ring of magical power (left hand)
 j - a ring of fire (right hand)
Wands
 f - a wand of flame (38)
 i - a wand of disintegration (19)
Scrolls
 h - 4 scrolls of teleportation
 k - 2 scrolls of remove curse
 p - a scroll of identify
 s - 3 scrolls of enchant armour
 u - a scroll of enchant weapon {unknown}
Potions
 a - 2 potions of curing {unknown}
 m - 3 potions of flight
 n - 2 potions of mutation {unknown}
 r - a potion of degeneration {unknown}
 t - a potion of brilliance {unknown}
Books
 e - a book of Geomancy

   Spells                             Type                      Level
   a - Sandblast                      Earth                        1
   b - Passwall                       Transmutation/Earth          2
   c - Stone Arrow                    Conjuration/Earth            3
   d - Petrify                        Transmutation/Earth          4
   e - Lee's Rapid Deconstruction     Earth                        5
Comestibles
 d - 6 rations
 v - 3 chunks of flesh


   Skills:
 - Level 1.5 Dodging
 - Level 2.1 Stealth
 + Level 4.1 Spellcasting
 * Level 4.9 Conjurations
   Level 0.7 Transmutations
 + Level 5.7 Earth Magic


You had 5 spell levels left.
You knew the following spells:

 Your Spells              Type           Power        Failure   Level  Hunger
a - Sandblast             Erth           ###...       1%          1    None
b - Stone Arrow           Conj/Erth      ###...       5%          3    ###....
c - Lee's Rapid Deconstr  Erth           ###.......   38%         5    ######.


Dungeon Overview and Level Annotations

Branches:
Dungeon (5/15)
 Temple: D:4-7

Altars:
Gozag
Qazlal


Innate Abilities, Weirdness & Mutations

You are resistant to torment.
Your stone body is resilient. (AC +4)
You are immune to poison.
You resist negative energy. (rN+)
You are resistant to electric shocks. (rElec)
You can survive without breathing.
You are immune to petrification.
You are immune to rotting.


Message History

Press: ? - help, Shift-Dir - straight line, f/p - ice beast
Aim: an ice beast The blast of sand hits the ice beast.
The ice beast is moderately wounded.
b - 79 stones The ice beast hits you.
The ice beast freezes you!
You feel a terrible chill!
* * * LOW HITPOINT WARNING * * *
Casting: Sandblast
Confirm with . or Enter, or press ? or * to list all spells.
Aiming: Sandblast
Press: ? - help, Shift-Dir - straight line, f/p - ice beast
Aim: an ice beast (moderately wounded)
The blast of sand hits the ice beast.
The ice beast is moderately wounded.
b - 78 stones The ice beast hits you.
* * * LOW HITPOINT WARNING * * *
The ice beast freezes you!!
You feel a terrible chill!
Ouch! That really hurt!
You die...

#........#####..
#........# ##.
#........#######
#...............
#.†...Y..)..###.
#.#########.....
#####.######
#####.
#..........# ##
#..@Y......#
#............
#####.####### #
..# .## #


You could see an ice beast.

Vanquished Creatures
  A sky beast (D:5)
  A scorpion (D:4)
  A hound (D:4)
  2 orc wizards
  An iguana (D:4)
  3 worker ants (D:4)
  4 adders
  A shadow imp (D:5)
  3 oozes
  2 adder skeletons (D:4)
  2 worms
  A dart slug (D:1)
  3 leopard geckos
  4 orcs
  7 bats
  4 giant cockroaches
  8 goblins
  7 hobgoblins
  4 jackals (D:2)
  3 kobolds
  2 quokkas (D:3)
  2 ball pythons
  9 frilled lizards
  A quokka zombie (D:3)
  7 rats
83 creatures vanquished.

Notes
Turn   | Place    | Note
-------+----------+-------------------------------------------
     0 | D:1      | CanOfBees the Gargoyle Earth Elementalist began the quest for the Orb.
     0 | D:1      | Reached XP level 1. HP: 10/10 MP: 3/3
     0 | D:1      | Noticed a vampire
     0 | D:1      | Noticed a human
     3 | D:1      | Noticed a centaur
     3 | D:1      | Noticed a human
     5 | D:1      | Noticed a troll
    10 | D:1      | Noticed a felid
    10 | D:1      | Noticed a draconian
    12 | D:1      | Noticed a troll
    12 | D:1      | Noticed a gargoyle
    13 | D:1      | Noticed a ghoul
    14 | D:1      | Noticed a vine stalker
    14 | D:1      | Noticed a human
    16 | D:1      | Noticed a vine stalker
    16 | D:1      | Noticed an elf
    18 | D:1      | Noticed an elf
    18 | D:1      | Noticed a gargoyle
   214 | D:1      | Reached XP level 2. HP: 14/15 MP: 1/5
   321 | D:1      | Reached skill level 4 in Earth Magic
  1058 | D:2      | Reached XP level 3. HP: 19/19 MP: 5/7
  1067 | D:2      | Learned a level 3 spell: Stone Arrow
  1236 | D:2      | Reached skill level 1 in Conjurations
  1615 | D:2      | Reached XP level 4. HP: 24/24 MP: 8/8
  1763 | D:2      | Noticed an air elemental
  1766 | D:2      | Found a stormy altar of Qazlal.
  1774 | D:2      | Noticed a fire elemental
  1779 | D:2      | Noticed a water elemental
  1779 | D:2      | Noticed an earth elemental
  2708 | D:3      | Reached XP level 5. HP: 20/28 MP: 8/9
  3341 | D:3      | Found an opulent altar of Gozag.
  4275 | D:4      | Reached skill level 5 in Earth Magic
  4314 | D:4      | Reached XP level 6. HP: 32/32 MP: 11/11
  5297 | D:5      | Entered Level 5 of the Dungeon
  5326 | D:5      | Learned a level 5 spell: Lee's Rapid Deconstruction
  5329 | D:5      | Noticed a sky beast
  5332 | D:5      | Killed a sky beast
  5332 | D:5      | Reached XP level 7. HP: 36/36 MP: 13/13
  5530 | D:5      | Mangled by an ice beast

Vault maps used:
D:1:      shiori_arrival_whats_in_store_for_you
D:2:      hangedman_decor_points, nicolae_qazlal_style_of_elements
D:3:      nicolae_gozag_cash_rules_everything_around_me
D:5:      chequers_temple_overflow_minitemple, minmay_temple_entry_trees,
          first_ration, serial_shops, shop, uniq_edmund

Skill      XL: |  1  2  3  4  5  6 |
---------------+-------------------+-----
Earth Magic    | 4 5 |  5.7
Conjurations   | 1 2 3 4 |  4.9
Spellcasting   | 3 4 |  4.1
Dodging        | |  1.5
Stealth        | |  2.1
Transmutations | |  0.7

Action                   |  1- 3 |  4- 6 |  7- 9 || total
-------------------------+-------+-------+-------++-------
Melee: Unarmed           |    25 |       |       ||    25
       Dagger            |    53 |   102 |       ||   155
 Cast: Sandblast         |    23 |    39 |     8 ||    70
       Stone Arrow       |     2 |    30 |       ||    32
  Use: Scroll            |       |     6 |       ||     6
 Stab: Sleeping          |     3 |     4 |       ||     7
  Eat: Chunk             |     3 |    11 |     1 ||    15
       Ration            |       |     1 |       ||     1
Armor: Robe              |    42 |    57 |     5 ||   104
Dodge: Dodged            |    57 |    91 |     5 ||   153

Table legend:
 A = Spawn XP
 B = Non-spawn XP
 C = Spawn XP percentage of total XP
 D = Spawn monster count
 E = Non-spawn monster count
 F = Spawn count percentage of total count
 G = Total turns spent on level
                    A         B        C        D         E        F      G
               +---------+---------+-------+---------+---------+-------+---------
         Total |       0 |     682 |   0.0 |       0 |      83 |   0.0 |  5530
               +---------+---------+-------+---------+---------+-------+---------
           D:1 |       0 |      29 |   0.0 |       0 |      15 |   0.0 |   944
           D:2 |       0 |     112 |   0.0 |       0 |      27 |   0.0 |  1730
           D:3 |       0 |      86 |   0.0 |       0 |      19 |   0.0 |  1492
           D:4 |       0 |     312 |   0.0 |       0 |      20 |   0.0 |  1219
           D:5 |       0 |     143 |   0.0 |       0 |       2 |   0.0 |   145
               +---------+---------+-------+---------+---------+-------+---------
